 Dungeon Crawl Stone Soup version 0.31.0-11-ge490571c62 (webtiles) character file.

Game seed: 12771450742881538098

9 browni3141 the Firebug (level 2, 19/19 HPs)
             Began as a Demonspawn Fire Elementalist on Jan 30, 2024.
             Got out of the dungeon alive.
             The game lasted 00:00:25 (250 turns).

browni3141 the Firebug (DsFE)                        Turns: 250, Time: 00:00:26

Health: 19/19      AC:  2    Str:  8    XL:     2   Next: 6%
Magic:  3/5        EV: 12    Int: 15    God:
Gold:   12         SH:  0    Dex: 13    Spells: 4/5 levels left

rFire   . . .        c - +0 club
rCold   . . .        (no shield)
rNeg    . . .        a - +0 robe
rPois   .            (helmet restricted)
rElec   .            (no cloak)
rCorr   .            (no gloves)
SInv    .            (no boots)
Will    .....        (no amulet)
Stlth   ++           (no ring)
HPRegen 0.23/turn    (no ring)
MPRegen 0.09/turn

%: no passive effects
@: no status effects
A: horns 1
a: no special abilities


You escaped.
You visited 1 branch of the dungeon, and saw 1 of its levels.

You collected 12 gold pieces.

Inventory:

Hand Weapons
 c - a +0 club (weapon)
Armour
 a - a +0 robe (worn)
Scrolls
 d - a scroll of vulnerability {unknown}
 e - a scroll of silence {unknown}
Potions
 b - a potion of magic


   Skills:
 + Level 1.9 Dodging
 + Level 2.0 Stealth
 + Level 2.1 Spellcasting
 + Level 1.2 Conjurations
 + Level 2.8 Fire Magic


You had 4 spell levels left.
You knew the following spells:

 Your Spells              Type           Power      Damage    Failure   Level
a - Foxfire               Conj/Fire      28%        2x1d5     10%         1

Your spell library contained the following spells:

 Spells                   Type           Power      Damage    Failure   Level
 Scorch                   Fire           20%        2d5       11%         2
 Inner Flame              Hex/Fire       5%         N/A       36%         3
 Volatile Blastmotes      Fire/Tloc      10%        2d10      36%         3
 Flame Wave               Conj/Fire      7%         2d5       67%         4


Dungeon Overview and Level Annotations

Branches:
Dungeon (1/15)

Altars:


Innate Abilities, Weirdness & Mutations

You have a pair of small horns on your head.


Message History

You are out of magic!
The foxfire hits the hobgoblin.
The hobgoblin is moderately wounded.
A ball python comes into view.
The foxfire hits the hobgoblin.
The hobgoblin is severely wounded.
You are out of magic!
The hobgoblin attacks as it pursues you!
The hobgoblin hits you.
You conjure some foxfire!
The hobgoblin hits you.
The foxfire hits the hobgoblin.
The hobgoblin is almost dead.
The foxfire hits the hobgoblin but does no damage.
The hobgoblin is almost dead.
You closely miss the hobgoblin.
The hobgoblin is almost dead.
The ball python closely misses you. x2; The hobgoblin closely misses you.
The ball python attacks as it pursues you!
The ball python bites you but does no damage.
The ball python barely misses you. The hobgoblin barely misses you.
The ball python bites you. The ball python misses you.
The ball python attacks as it pursues you!
The ball python bites you but does no damage.
The ball python grabs you. The ball python constricts you.
The hobgoblin barely misses you.
You escape the ball python's grasp.
The hobgoblin attacks as it pursues you!
The hobgoblin closely misses you.
There is a large open door here.
Things that are here:
a +0 club; a goblin corpse
c - a +0 club (weapon)
Sorry, you're not good enough to have a special ability.
The ball python closely misses you. The ball python barely misses you.
You hit the ball python.
The ball python is heavily wounded.
The ball python closely misses you. The ball python grabs you.
The ball python constricts you.
You closely miss the ball python.
The ball python is heavily wounded.
The ball python closely misses you. The ball python constricts you.
The ball python bites you. The ball python constricts you.
You conjure some foxfire!
The ball python barely misses you. The ball python constricts you.
You escape the ball python's grasp.
The foxfire hits the ball python.
You kill the ball python!
The foxfire hits the hobgoblin.
You kill the hobgoblin!
HP restored.
Magic restored.
A hobgoblin comes into view.
A hobgoblin is nearby!
A hobgoblin is nearby!
A hobgoblin is nearby!
You conjure some foxfire!
The hobgoblin shouts!
Your foxfire dissipates!
You conjure some foxfire!
The foxfire hits the hobgoblin.
The hobgoblin is moderately wounded.
The foxfire hits the hobgoblin.
The hobgoblin is heavily wounded.
The foxfire hits the hobgoblin.
You kill the hobgoblin!
Found a stone staircase leading down.
d - a scroll labelled ZYCAABR REOKOG
e - a scroll labelled ZANEOK KISKE
There is an abandoned shop here.
You see here a hobgoblin corpse.
A ball python comes into view.
There is a large open door here.
You see here a goblin corpse.
You conjure some foxfire!
The ball python hisses angrily.
You conjure some foxfire!
The foxfire hits the ball python.
You kill the ball python!
Your foxfire dissipates! x2
Your foxfire dissipates!
You see here a ball python corpse.
A dart slug comes into view.
The dart slug moves out of view.
A dart slug is nearby!
A dart slug is nearby!
You conjure some foxfire!
You conjure some foxfire!
The foxfire hits the dart slug.
The dart slug is heavily wounded.
The foxfire hits the dart slug.
The dart slug is almost dead.
The foxfire hits the dart slug.
You kill the dart slug!
Your Stealth skill increases to level 2!
You have reached level 2!
You feel monstrous as your demonic heritage exerts itself.
Your demonic ancestry asserts itself...
A pair of horns grows on your head!
Your foxfire dissipates!
You see here a ball python corpse.
There is a large open door here.
You see here a goblin corpse.
There is a staircase leading out of the dungeon here.
You have escaped!

...##..........§§~~≈≈≈#
...##.........∩..~~~≈≈#
...##.............~~≈≈#
...##.⌠.........∩.~~§≈#
..†##.............§§≈≈#
...#............♣.§~~≈#
...#..........♣....§§§#
...÷†..............§§≈#
##.'............@..~§§#
#.#..............§§~≈#
###..........♣....~§≈#
# ##.............§§§≈#
# #.⌠...........§~§≈#
## #..........∩.§~§~≈#
.# #............§§~≈≈#
.# #...........§§§~§≈#
.## ##........∩..§§§≈≈#


There were no monsters in sight!

Vanquished Creatures
  A dart slug (D:1)
  2 ball pythons (D:1)
  A goblin (D:1)
  2 hobgoblins (D:1)
6 creatures vanquished.

Vanquished Creatures (others)
  21 foxfires (D:1)
21 creatures vanquished.

Grand Total: 27 creatures vanquished

Notes
Turn   | Place    | Note
-------+----------+-------------------------------------------
     0 | D:1      | browni3141 the Demonspawn Fire Elementalist began the quest
                  | for the Orb.
     0 | D:1      | Reached XP level 1. HP: 13/13 MP: 3/3
   227 | D:1      | Discovered your monstrous ancestry.
   227 | D:1      | Gained mutation: You have a pair of small horns on your
                  | head. [demonic ancestry]
   227 | D:1      | Reached XP level 2. HP: 19/19 MP: 1/5
   250 | D:$      | Got out of the dungeon alive.

Illustrated notes

Levels and vault maps discovered:
D:1:      tekkud_arrival_beachfront_property, layout_rooms,
          minmay_misc_feat_tower

Skill      XL: |  1 |
---------------+----+-----
Stealth        | 2 |  2.0
Dodging        | |  1.9
Spellcasting   | |  2.1
Conjurations   | |  1.2
Fire Magic     | |  2.8

Action                     || total
---------------------------++-------
  Melee: Club              ||     2
         Unarmed           ||     1
   Cast: Foxfire           ||    11
 Armour: Robe              ||     6
  Dodge: Dodged            ||    14
